 Dungeon Crawl Stone Soup version 0.30.0-29-ga12c61a403 (webtiles) character file.

Game seed: 838368240383563656

1917 seaoflcl the Slasher (level 8, -2/68 (73) HPs)
             Began as a Minotaur Fighter on June 6, 2023.
             Was a Believer of Okawaru.
             Shot with an arrow by a centaur (6 damage)
             ... on level 6 of the Dungeon.
             The game lasted 00:08:40 (4879 turns).

seaoflcl the Slasher (Minotaur Fighter)             Turns: 4879, Time: 00:08:40

HP:   -2/68 (73)    AC: 10    Str: 23    XL:     8   Next: 95%
MP:   7/7           EV:  8    Int:  5    God:    Okawaru [**....]
Gold: 307           SH:  5    Dex: 10    Spells: 7/7 levels left

rFire   . . .        r - +3 falchion (protect)
rCold   . . .        c - +0 buckler
rNeg    . . .        j - +0 chain mail
rPois   .            (helmet restricted)
rElec   .            (no cloak)
rCorr   .            (no gloves)
SInv    .            (no boots)
Will    .....        (no amulet) Stlth
                     (no ring)
HPRegen 0.31/turn    (no ring)
MPRegen 0.10/turn

%: no passive effects
@: drained
A: horns 2, retaliatory headbutt
a: Renounce Religion, Heroism


You were on level 6 of the Dungeon.
You worshipped Okawaru.
Okawaru was pleased with you.
You visited 1 branch of the dungeon, and saw 6 of its levels.

You collected 307 gold pieces.

Inventory:

Hand Weapons
 a - a +0 war axe
 d - a +3 great sword
 n - a +4 long sword
 r - a +3 falchion of protection (weapon)
 s - a +0 sling
 C - a +2 heavy war axe
 J - a +3 halberd of freezing
Missiles
 x - 2 throwing nets
 E - 3 atropa-tipped darts (quivered)
Armour
 c - a +0 buckler (worn)
 j - a +0 chain mail (worn)
Jewellery
 B - a ring of magical power
 K - an amulet of magic regeneration
Wands
 v - a wand of acid (4)
 w - a wand of mindburst (18)
 y - a wand of polymorph (13)
 F - a wand of iceblast (9)
Scrolls
 h - 2 scrolls of fog {unknown}
 i - a scroll of poison {unknown}
 k - 2 scrolls of teleportation
 m - a scroll of enchant armour {unknown}
 o - 3 scrolls of noise
 t - a scroll of blinking {unknown}
 u - 4 scrolls of immolation {unknown}
 z - 3 scrolls of magic mapping {unknown}
 G - 2 scrolls of identify
 H - a scroll of fear {unknown}
 I - a scroll of butterflies {unknown}
Potions
 b - 4 potions of flight
 e - 2 potions of magic
 f - 6 potions of lignification
 g - 2 potions of mutation
 l - a potion of cancellation {unknown}
 p - a potion of heal wounds {unknown}
 q - 2 potions of attraction
 A - a potion of resistance {unknown}
 D - a potion of brilliance {unknown}


   Skills:
 + Level 7.0 Fighting
 * Level 7.4 Long Blades
 - Level 4.3 Axes
 + Level 0.5 Ranged Weapons
 + Level 2.7 Throwing
 + Level 6.9 Armour
 + Level 7.0 Shields


You had 7 spell levels left.
You didn't know any spells.
Your spell library contained the following spells:

 Spells                   Type           Power      Damage    Failure   Level
 Freeze                   Ice            0%         1d3       97%         1
 Sting                    Tmut/Pois      0%         1d3       97%         1
 Frozen Ramparts          Ice            0%         1d1       100%        3
 Hailstorm                Conj/Ice       0%         3d3       100%        3
 Vhi's Electric Charge    Tloc/Air       0%         N/A       100%        3
 Anguish                  Hex/Necr       0%         N/A       100%        4
 Arcjolt                  Conj/Air       0%         1d10      100%        5
 Plasma Beam              Fire/Air       0%         2x1d11    100%        6
 Borgnjor's Revivificati  Necr           0%         N/A       100%        8
 Death Channel            Necr           Unusable   N/A       N/A         6

Dungeon Overview and Level Annotations

Branches:
Dungeon (6/15)
 Temple: D:4-7

Altars:
Cheibriados
Gozag
Kikubaaqudgha
Okawaru
Sif Muna
Trog

Shops:
D:5 !

Annotations:
D:3 2 runed translucent doors, croobank's ghost, novice GnFE


Innate Abilities, Weirdness & Mutations

You have a pair of horns on your head.
You reflexively headbutt those who attack you in melee.


Message History

The orc priest shouts!
The jelly quivers.
The centaur hits you but does no damage.
The centaur kicks you but does no damage.
An orc comes into view. It is wielding a +0 club.
The centaur hits you but does no damage.
The centaur kicks you but does no damage.
The centaur wields a +0 shortbow.
The centaur shoots an arrow.
The arrow hits you.
An orc comes into view. It is wielding a +0 hand axe.
The orc priest miscasts a cantrip.
The orc wizard hits you with a +0 dagger of electrocution.
You are electrocuted!
The centaur unwields a +0 shortbow.
The centaur closely misses you.
The centaur kicks you but does no damage.
An orc comes into view. It is wielding a +0 mace.
The centaur hits you.
The centaur kicks you but does no damage.
Unknown command.
You're too confused to move!
The orc wizard barely misses you.
The orc hits you from afar with a +0 trident!
The centaur hits you. The centaur completely misses you.
You're too confused to move!
You feel less confused.
The centaur hits you but does no damage.
The centaur kicks you but does no damage.
The orc hits you but does no damage.
The orc wizard hits you but does no damage.
You are electrocuted!!
* * * LOW HITPOINT WARNING * * *
The centaur barely misses you. The centaur kicks you.
* * * LOW HITPOINT WARNING * * *
Unknown command.
Unknown command.
Unknown command.
The centaur attacks as you move away!
The centaur hits you but does no damage.
The centaur closely misses you.
The centaur wields a +0 shortbow.
The centaur shoots an arrow.
The arrow hits you.
You die...

## o .... ..o.
...o.
.oJ#######
#.oo...# #..
#...o@.# #..
#...o..+ #..
#...c..# #..
#######......#
#..
#............+
#..
#............#
#..
#............#
#..
#.>..........#
+..
#............#
#..


You could see a centaur, a jelly, an orc priest, an orc wizard and 3 orcs.

Vanquished Creatures
  Grinder (D:5)
  Sigmund (D:5)
  Eustachio (D:5)
  Menkaure (D:5)
  An ogre (D:5)
  A phantom (D:4)
  3 scorpions
  5 wights (D:6)
  2 hounds
  3 orc priests (D:4)
  A jelly (D:6)
  A sleepcap (D:5)
  2 iguanas
  Natasha (twice) (D:2)
  5 orc wizards
  Robin (D:2)
  8 gnolls (D:5)
  5 adders
  An ufetubus (D:6)
  4 dart slugs
  17 orcs
  7 bats
  10 endoplasms
  3 giant cockroaches
  10 goblins
  14 hobgoblins
  13 jackals
  3 kobolds
  4 quokkas
  7 ball pythons
  6 frilled lizards
  6 rats
149 creatures vanquished.

Notes
Turn   | Place    | Note
-------+----------+-------------------------------------------
     0 | D:1      | seaoflcl the Minotaur Fighter began the quest for the Orb.
     0 | D:1      | Reached XP level 1. HP: 19/19 MP: 0/0
    36 | D:1      | Reached XP level 2. HP: 27/27 MP: 1/1
   271 | D:1      | Reached XP level 3. HP: 33/33 MP: 2/2
   966 | D:2      | Reached XP level 4. HP: 40/40 MP: 3/3
  1008 | D:2      | Noticed Natasha
  1016 | D:2      | Killed Natasha
  1246 | D:2      | Noticed Natasha
  1250 | D:2      | Killed Natasha
  1272 | D:2      | Noticed Robin
  1344 | D:2      | Reached XP level 5. HP: 47/47 MP: 4/4
  1360 | D:2      | Killed Robin
  1511 | D:2      | Reached skill level 1 in Long Blades
  1635 | D:3      | Got the Elucidation of the Postmortem Black Widow
  1675 | D:3      | Found a runed translucent door.
  1697 | D:3      | Found a runed translucent door.
  1698 | D:3      | Noticed croobank's ghost (novice GnFE)
  1837 | D:3      | Found a bloodstained altar of Trog.
  2331 | D:4      | Reached XP level 6. HP: 33/55 MP: 5/5
  2526 | D:4      | Reached skill level 5 in Shields
  2570 | D:4      | Reached skill level 5 in Fighting
  2570 | D:4      | Reached skill level 5 in Armour
  2851 | D:4      | Reached XP level 7. HP: 61/61 MP: 6/6
  2881 | D:4      | Found an ancient bone altar of Kikubaaqudgha.
  2881 | D:4      | Found an opulent altar of Gozag.
  2887 | D:4      | Found a snail-covered altar of Cheibriados.
  2889 | D:4      | Found an iron altar of Okawaru.
  2891 | D:4      | Found a shimmering blue altar of Sif Muna.
  2897 | D:4      | Became a worshipper of Warmaster Okawaru
  3264 | D:5      | Entered Level 5 of the Dungeon
  3312 | D:5      | Found Hairuw's Distillery.
  3312 | D:5      | Noticed Sigmund
  3312 | D:5      | Noticed Menkaure
  3346 | D:5      | Killed Sigmund
  3354 | D:5      | Killed Menkaure
  3355 | D:5      | Reached skill level 5 in Long Blades
  3468 | D:5      | Noticed Grinder
  3479 | D:5      | Killed Grinder
  3479 | D:5      | Reached * piety under Okawaru
  3480 | D:5      | Reached skill level 1 in Throwing
  3480 | D:5      | Reached XP level 8. HP: 70/70 MP: 7/7
  4074 | D:5      | Noticed Eustachio
  4093 | D:5      | Killed Eustachio
  4315 | D:6      | HP: 1/67 [wight/+3 great sword (5)]
  4566 | D:6      | Reached ** piety under Okawaru
  4878 | D:6      | HP: 3/68 [centaur (2)]
  4879 | D:6      | Shot with an arrow by a centaur

Illustrated notes

Levels and vault maps discovered:
D:1:      dpeg_arrival_line_fractal, layout_loops_ring
D:2:      layout_basic, minmay_fountain_box, minmay_tetromino_l4, uniq_robin,
          uniq_natasha
D:3:      layout_basic, trog_three_pillars_becter, ebering_ghost_sewer_f
D:4:      layout_rooms, chequers_temple_overflow_minitemple,
          kennysheep_generic_room_11
D:5:      layout_loops_ring, serial_shops, shop, uniq_eustachio, uniq_menkaure,
          uniq_grinder, uniq_sigmund
D:6:      layout_gridville

Skill      XL: |  1  2  3  4  5  6  7  8 |
---------------+-------------------------+-----
Axes           | 3 4 |  4.3
Fighting       | 4 5 6 7 |  7.0
Armour         | 4 5 6 |  6.9
Shields        | 4 5 6 7 |  7.0
Long Blades    | 2 3 5 7 |  7.4
Throwing       | 1 2 |  2.7
Ranged Weapons | |  0.5

Action                     |  1- 3 |  4- 6 |  7- 9 || total
---------------------------+-------+-------+-------++-------
  Melee: War axe           |    93 |    15 |       ||   108
         Headbutt          |     8 |    22 |    24 ||    54
         Long sword        |       |    19 |       ||    19
         Falchion          |       |   127 |   143 ||   270
  Throw: Dart              |       |       |     1 ||     1
    Use: Scroll            |       |     4 |     3 ||     7
         Potion            |       |     1 |     1 ||     2
 Armour: Scale mail        |    33 |       |       ||    33
         Chain mail        |    28 |   109 |    83 ||   220
  Dodge: Dodged            |    38 |    62 |    63 ||   163
  Block: Buckler           |    30 |    45 |    37 ||   112
